 Dungeon Crawl Stone Soup version 0.31-a0-263-ge8cad7f256 (webtiles) character file.

Game seed: 8440410880014550261

137 qw the Shooter (level 5, 0/45 HPs)
             Began as a Minotaur Hexslinger on July 13, 2023.
             Succumbed to a scorpion's poison
             ... on level 4 of the Dungeon.
             The game lasted 00:00:57 (2590 turns).

qw the Shooter (Minotaur Hexslinger)                Turns: 2590, Time: 00:00:58

Health: 0/45       AC:  3    Str: 19    XL:     5   Next: 0%
Magic:  5/5        EV: 12    Int: 10    God:
Gold:   36         SH:  0    Dex: 14    Spells: 5/6 levels left

rFire   + . .        Y - +1 sling
rCold   . . .        (no shield)
rNeg    . . .        i - +0 leather armour
rPois   .            (helmet restricted)
rElec   .            (no cloak)
rCorr   .            (no gloves)
SInv    .            (no boots)
Will    .....        d - amulet of the Shrike {Faith Rampage}
Stlth   +            c - ring of protection from fire
HPRegen 0.27/turn    b - +6 ring of strength
MPRegen 0.09/turn

%: rampage, faith
@: lethally poisoned (0 -> -9), about to teleport
A: horns 2, retaliatory headbutt
a: no special abilities


You were on level 4 of the Dungeon.
You visited 1 branch of the dungeon, and saw 4 of its levels.

You collected 116 gold pieces.
You spent 80 gold pieces at shops.


Innate Abilities, Weirdness & Mutations

You have a pair of horns on your head.
You reflexively headbutt those who attack you in melee.


   Skills:
 - Level 3.0 Fighting
 + Level 5.1 Ranged Weapons
 - Level 2.1 Dodging
 - Level 1.0 Spellcasting
 - Level 2.0 Hexes


You had 5 spell levels left.
You knew the following spells:

 Your Spells              Type           Power      Damage    Failure   Level
a - Slow                  Hex            16%        N/A       19%         1

Your spell library contained the following spells:

 Spells                   Type           Power      Damage    Failure   Level
 Inner Flame              Hex/Fire       2%         N/A       63%         3
 Portal Projectile        Hex/Tloc       4%         N/A       63%         3
 Cause Fear               Hex            2%         N/A       87%         4

Inventory:

Hand Weapons
 Y - a +1 sling (weapon)
Armour
 i - a +0 leather armour (worn)
Jewellery
 b - a +6 ring of strength (right hand)
 c - a ring of protection from fire (left hand)
 d - the amulet of the Shrike (around neck) {Faith Rampage}
   (You found it on level 3 of the Dungeon)

   [amulet of faith]

   It allows you to gain divine favour quickly.
   Rampage:   It bestows one free step when moving towards enemies.
 f - an amulet of reflection
 h - a ring of willpower
Scrolls
 a - a scroll of identify
Potions
 e - a potion of cancellation
 g - a potion of enlightenment
 j - a potion of mutation
 k - a potion of curing {unknown}
 l - a potion of ambrosia {unknown}

Dungeon Overview and Level Annotations

Branches:
Dungeon (4/15)
 Temple: D:4-7

Altars:

Shops:
D:3 ?


Message History

You are confused.
The scorpion closely misses you. The scorpion closely misses you.
The scorpion stings you.
You are poisoned.
The scorpion poisons you!
You feel sick. The scorpion barely misses you.
You feel sick. The scorpion stings you.
You feel less confused.
You feel sick. The scorpion barely misses you. The scorpion stings you.
You shoot a sling bullet.
The sling bullet hits the scorpion but does no damage.
You feel sick. The scorpion stings you.
You shoot a sling bullet.
The sling bullet hits the scorpion but does no damage.
You feel sick. The scorpion completely misses you.
You shoot a sling bullet.
The sling bullet barely misses the scorpion.
The sling bullet hits the orc.
The orc is heavily wounded.
You feel sick. The scorpion stings you. x2
You shoot a sling bullet. The sling bullet hits the scorpion.
The scorpion is moderately wounded.
You feel sick.
You are no longer poisoned.
The orc wizard gestures wildly while chanting.
The orc wizard flickers and vanishes!
Deactivating autopickup; reactivate with Ctrl-A.
The scorpion stings you. x2
You are lethally poisoned!
The scorpion poisons you!
2589 ||| READING scroll of teleportation.
As you read the scroll of teleportation, it crumbles to dust.
You feel strangely unstable.
You feel very sick. The scorpion closely misses you.
You shoot a sling bullet.
The sling bullet hits the scorpion but does no damage.
The scorpion is moderately wounded.
You die...

. ##. . ####...
..# ##....# ....
.... ##.. ####%#
#.######....###
#.##..........#
#.##)#####..#.###
##.#..# ##....@#
## .....##
##)##.s.h##.
..####
#.####o.##. .##
#.# #..#..### .#
#.# ##.......##
.# #.#
#......<..# .#
#.. ...K.......#
.# ###
........(..# .#
.........K.#


You could see a black bear, a scorpion and an orc.

Vanquished Creatures
  A jelly (D:3)
  4 adders
  A worm (D:3)
  3 dart slugs
  4 orcs
  4 bats
  5 endoplasms
  A giant cockroach (D:3)
  6 goblins
  7 hobgoblins
  3 jackals (D:2)
  5 kobolds
  2 quokkas
  3 ball pythons
  2 frilled lizards
  4 rats
55 creatures vanquished.

Notes
Turn   | Place    | Note
-------+----------+-------------------------------------------
     0 | D:1      | qw the Minotaur Hexslinger began the quest for the Orb.
     0 | D:1      | Reached XP level 1. HP: 16/16 MP: 1/1
     0 | D:1      | 0 ||| qw: Version: 0.3-a-52-g30416fa
     0 | D:1      | 0 ||| qw: Game counter: 7401
     0 | D:1      | 0 ||| qw: Melee chars always use a shield: true
     0 | D:1      | 0 ||| qw: God list: Okawaru
     0 | D:1      | 0 ||| qw: Allow faded altars: false
     0 | D:1      | 0 ||| qw: Do Orc after clearing Dungeon:15 true
     0 | D:1      | 0 ||| qw: Do second Lair branch before Depths: true
     0 | D:1      | 0 ||| qw: Lair rune preference: random
     0 | D:1      | 0 ||| qw: Goals: Normal
     0 | D:1      | 0 ||| PLANNING D:1-11
   266 | D:1      | Reached skill level 3 in Ranged Weapons
   303 | D:1      | Reached XP level 2. HP: 23/23 MP: 2/2
   532 | D:1      | 532 ||| UPGRADING to +0 leather armour.
   568 | D:1      | 568 ||| DROPPING +0 robe.
   705 | D:1      | 705 ||| UPGRADING to amulet of reflection.
   710 | D:1      | 710 ||| READING scroll labelled RULUOR TAECUL.
   711 | D:1      | 711 ||| READING scroll labelled ROILLO QESOM.
   712 | D:1      | 712 ||| READING scroll labelled XONOOZ UMUAMNE.
   713 | D:1      | 713 ||| DROPPING scroll of poison.
   805 | D:2      | 805 ||| FLEEEEING.
  1013 | D:2      | Reached XP level 3. HP: 12/29 MP: 3/3
  1276 | D:2      | Reached skill level 4 in Ranged Weapons
  1341 | D:2      | Found a faded altar of an unknown god.
  1573 | D:2      | 1573 ||| UPGRADING to ring of protection from fire.
  1574 | D:2      | 1574 ||| READING scroll labelled CEURON RUSE.
  1575 | D:2      | 1575 ||| READING 4 scrolls of identify.
  1575 | D:2      | 1575 ||| IDENTIFYING purple potion
  1576 | D:2      | 1576 ||| READING 3 scrolls of identify.
  1576 | D:2      | 1576 ||| IDENTIFYING red potion
  1577 | D:2      | 1577 ||| READING 2 scrolls of identify.
  1577 | D:2      | 1577 ||| IDENTIFYING bubbling clear potion
  1578 | D:2      | 1578 ||| DROPPING potion of brilliance.
  1628 | D:3      | Reached XP level 4. HP: 36/36 MP: 4/4
  1641 | D:3      | Reached skill level 5 in Ranged Weapons
  1666 | D:3      | Identified the amulet of the Shrike {Faith Rampage}
  2143 | D:3      | Found Xunkuesu's Magic Scroll Shop.
  2151 | D:3      | 2151 ||| BUYING scroll of identify (20 gold).
  2151 | D:3      | Bought a scroll of identify for 20 gold pieces
  2151 | D:3      | 2151 ||| BUYING scroll of teleportation (30 gold).
  2151 | D:3      | Bought a scroll of teleportation for 30 gold pieces
  2151 | D:3      | 2151 ||| BUYING scroll of teleportation (30 gold).
  2151 | D:3      | Bought a scroll of teleportation for 30 gold pieces
  2312 | D:3      | 2312 ||| UPGRADING to amulet of the Shrike {Faith Rampage}.
  2322 | D:3      | 2322 ||| UPGRADING to +6 ring of strength.
  2323 | D:3      | 2323 ||| READING 3 scrolls of identify.
  2323 | D:3      | 2323 ||| IDENTIFYING black potion
  2324 | D:3      | 2324 ||| READING 2 scrolls of identify.
  2324 | D:3      | 2324 ||| IDENTIFYING bubbling purple potion
  2325 | D:3      | 2325 ||| DROPPING potion of degeneration.
  2343 | D:4      | Noticed a black bear
  2348 | D:4      | 2348 ||| STAIRDANCE
  2352 | D:3      | Reached skill level 3 in Fighting
  2354 | D:3      | HP: 9/38 [orc/+0 club (2)]
  2355 | D:3      | 2355 ||| READING 2 scrolls of teleportation.
  2567 | D:4      | Reached XP level 5. HP: 45/45 MP: 5/5
  2588 | D:4      | HP: 9/45 [scorpion (6)]
  2589 | D:4      | 2589 ||| READING scroll of teleportation.
  2589 | D:4      | HP: 3/45 [poisoned by a scorpion]
  2590 | D:4      | Succumbed to a scorpion's poison

Levels and vault maps discovered:
D:1:      lightli_arrival_boilingwater, layout_loops_cross, serial_glass,
          glass_columns_a, glass_columns_b
D:2:      layout_basic, dreamdust_ecumenical_altar_angels_and_demons
D:3:      layout_loops_ring, serial_shops, nicolae_shop_trees,
          minmay_fractal_squares_5
D:4:      layout_rooms, gammafunk_temple_overflow_statue

Skill      XL: |  1  2  3  4 |
---------------+-------------+-----
Ranged Weapons | 3 4 5 |  5.1
Fighting       | 2 3 |  3.0
Dodging        | |  2.1
Spellcasting   | |  1.0
Hexes          | |  2.0

Action                     |  1- 3 |  4- 6 || total
---------------------------+-------+-------++-------
   Fire: Sling             |   132 |    71 ||   203
    Use: Scroll            |     7 |     4 ||    11
 Armour: Robe              |     6 |       ||     6
         Leather armour    |     8 |     4 ||    12
  Dodge: Dodged            |    43 |    25 ||    68
  Block: Other             |    10 |     5 ||    15

Table legend:
 A = Non-vault XP
 B = Vault XP
 C = Vault XP percentage of total XP
 D = Non-vault monster count
 E = Vault monster count
 F = Vault count percentage of total count
                 A         B        C        D         E       F
            +---------+---------+-------+---------+---------+-------
      Total |     143 |      53 |  27.0 |      49 |       6 |  10.9
            +---------+---------+-------+---------+---------+-------
        D:1 |      16 |       0 |   0.0 |       9 |       0 |   0.0
        D:2 |      73 |       0 |   0.0 |      20 |       0 |   0.0
        D:3 |      38 |      53 |  58.2 |      13 |       6 |  31.6
        D:4 |      16 |       0 |   0.0 |       7 |       0 |   0.0
            +---------+---------+-------+---------+---------+-------
